 Dungeon Crawl Stone Soup version 0.18-a0-1574-g3f9d221 (webtiles) character file.

114 Gottschkopf the Ruffian (level 4, 0/35 HPs)
             Began as a Draconian Transmuter on Mar 16, 2016.
             Succumbed to a scorpion's poison
             ... on level 2 of the Dungeon.
             The game lasted 00:07:31 (2738 turns).

Gottschkopf the Ruffian (Draconian Transmuter)      Turns: 2738, Time: 00:07:31

Health: 0/35       AC:  5    Str: 13    XL:     4   Next: 66%
Magic:  7/7        EV: 12    Int: 14    God:
Gold:   105        SH:  0    Dex: 11    Spells: 3 memorised, 1 level left

rFire  . . .     SeeInvis .       - Unarmed
rCold  . . .     Gourm    .     (armour unavailable)
rNeg   . . .     Faith    .     (no shield)
rPois  .         Spirit   .     (helmet restricted)
rElec  .         Dismiss  .     (no cloak)
rCorr  .         Reflect  .     (no gloves)
SustAt .         Harm     .     (boots currently unavailable)
MR     .....                    (no amulet)
Stlth  +.........               (no ring)
                                (no ring)

@: lethally poisoned (0 -> -13), appendage (expiring), not resistant to hostile
enchantments, very unstealthy
A: unfitting armour, talons 3, cold-blooded, AC +5
a: End Transformation


You were on level 2 of the Dungeon.
You were not hungry.
You had grown temporary talons.
You visited 1 branch of the dungeon, and saw 3 of its levels.

You collected 105 gold pieces.

Inventory:

Missiles
 a - 48 arrows
Scrolls
 d - a scroll of recharging {unknown}
 e - a scroll of fog
 h - a scroll of enchant armour {unknown}
 i - 3 scrolls of remove curse
Potions
 k - a potion of flight {unknown}
 l - 3 potions of curing
 m - a potion of heal wounds {unknown}
Books
 b - a book of Changes

   Spells                             Type                      Level
   a - Beastly Appendage              Transmutation                1
   b - Sticks to Snakes               Transmutation                2
   c - Spider Form                    Transmutation/Poison         3
   d - Ice Form                       Ice/Transmutation            4
   e - Blade Hands                    Transmutation                5
Comestibles
 c - a bread ration
 g - 4 meat rations
 j - a beef jerky
 n - 5 chunks of flesh


   Skills:
 - Level 1.1 Fighting
 - Level 1.7 Dodging
 - Level 4.4 Unarmed Combat
 - Level 2.0 Spellcasting
 * Level 2.8 Transmutations
 + Level 2.1 Poison Magic


You had one spell level left.
You knew the following spells:

 Your Spells              Type           Power        Failure   Level  Hunger
a - Beastly Appendage     Trmt           #.....       10%         1    ##.....
b - Sticks to Snakes      Trmt           #.......     14%         2    ###....
c - Spider Form           Trmt/Pois      #.........   30%         3    ####...


Dungeon Overview and Level Annotations

Branches:
Dungeon (3/15)

Altars:
Elyvilon
Kikubaaqudgha
Nemelex Xobeh
Yredelemnul

Annotations:
D:3 Grinder, Sigmund


Innate Abilities, Weirdness & Mutations

Your plain brown scales are hard (AC +5).
Your body does not fit into most forms of armour.
You are cold-blooded and may be slowed by cold attacks.
You have claws for feet.


Message History

You climb upwards.
A goblin comes into view.
* * * LOW HITPOINT WARNING * * *
You feel sick.
The goblin shouts!
There is a stone staircase leading down here.
You hit the quokka.
The quokka is severely wounded.
* * * LOW HITPOINT WARNING * * *
You feel sick. The quokka barely misses you. The scorpion stings you.
* * * LOW HITPOINT WARNING * * *
You closely miss the quokka.
The quokka is severely wounded.
* * * LOW HITPOINT WARNING * * *
You feel sick.
The quokka bites you but does no damage.
The scorpion misses you.
You closely miss the quokka. You claw the quokka, but do no damage.
The quokka is severely wounded.
You die...

#.# #.# ##.# #.# #..#
#.# #.## #.# #.# #.#
##### #g# #.# ##...##
#.# #.# #.###.####r#
#.# #.#
#...s@.########.#
#.###.#######.......#
##...## #.#######
##.## #.# #.# #.# #.#
#.# ## #.# #.#
.#########.# #.#
......)....# #(#


You could see a scorpion, a quokka and a goblin.

Vanquished Creatures
  2 adders (D:2)
  A gnoll (D:2)
  An ooze (D:1)
  7 worms (D:2)
  2 dart slugs
  2 giant geckos (D:1)
  An orc (D:2)
  2 bat zombies (D:2)
  3 giant cockroaches
  9 hobgoblins
  2 jackals (D:2)
  5 bats
  4 giant newts
  5 goblins
  3 kobolds
  7 rats
  A rat zombie (D:2)
57 creatures vanquished.

Notes
Turn   | Place    | Note
--------------------------------------------------------------
     0 | D:1      | Gottschkopf the Draconian Transmuter began the quest for the Orb.
     0 | D:1      | Reached XP level 1. HP: 16/16 MP: 3/3
   251 | D:1      | Reached XP level 2. HP: 23/23 MP: 5/5
   255 | D:1      | Learned a level 2 spell: Sticks to Snakes
   461 | D:1      | Reached skill level 4 in Unarmed Combat
   859 | D:2      | Reached XP level 3. HP: 13/28 MP: 4/6
  1120 | D:2      | Learned a level 3 spell: Spider Form
  1331 | D:2      | Reached skill level 1 in Poison Magic
  1638 | D:2      | Found an ancient bone altar of Kikubaaqudgha.
  1738 | D:2      | Reached XP level 4. HP: 15/35 MP: 7/7
  1928 | D:2      | Found a white marble altar of Elyvilon.
  2267 | D:2      | Found a basalt altar of Yredelemnul.
  2504 | D:3      | Noticed Grinder
  2507 | D:3      | Noticed Sigmund
  2716 | D:3      | Found a sparkling altar of Nemelex Xobeh.
  2737 | D:2      | HP: 1/35 [poisoned by a scorpion]
  2738 | D:2      | Succumbed to a scorpion's poison

Vault maps used:
D:1:      lightli_arrival_farm, st_stairs_4, kennysheep_pointless_box,
          minmay_parallelograms
D:2:      lemuel_zombie_altar_kikubaaqudgha, kennysheep_ying_yang
D:3:      nemelex_xobeh_ov_fountains_minmay, uniq_sigmund, uniq_grinder

Skill      XL: |  1  2  3  4 |
---------------+-------------+-----
Unarmed Combat | 4 |  4.4
Poison Magic   | 1 2 |  2.1
Fighting       | |  1.1
Dodging        | |  1.7
Spellcasting   | |  2.0
Transmutations | |  2.8

Action                   |  1- 3 |  4- 6 || total
-------------------------+-------+-------++-------
Melee: Unarmed           |   129 |    84 ||   213
 Cast: Beastly Appendage |    22 |    13 ||    35
       Spider Form       |       |     1 ||     1
  Use: Scroll            |       |     4 ||     4
  Eat: Chunk             |     3 |     4 ||     7
